 Dungeon Crawl Stone Soup version 0.21.0-37-g46506fa (webtiles) character file.

233 Monsterracer the Chopper (level 6, -5/47 HPs)
             Began as a Human Fighter on Feb 1, 2018.
             Was an Initiate of Nemelex Xobeh.
             Slain by a two-headed ogre
             ... wielding a +0 giant club
              (18 damage)
             ... on level 4 of the Dungeon.
             The game lasted 00:03:36 (3235 turns).

Monsterracer the Chopper (Human Fighter)            Turns: 3235, Time: 00:03:37

Health: -5/47      AC:  6    Str: 23    XL:     6   Next: 26%
Magic:  6/6        EV:  8    Int:  9    God:    Nemelex Xobeh [......]
Gold:   66         SH:  9    Dex: 12    Spells: 5/5 levels left

rFire    + . .     SeeInvis .   a - +1 war axe
rCold    . . .     Gourm    .   f - +0 shield
rNeg     . . .     Faith    .   b - +0 scale mail
rPois    .         Spirit   .   (no helmet)
rElec    .         Reflect  .   (no cloak)
rCorr    .         Harm     .   (no gloves)
MR       .....                  (no boots)
Stlth    ..........             (no amulet)
HPRegen  0.15/turn              i - ring of protection from fire {!d}
MPRegen  0.10/turn              (no ring)

@: mighty
A: no striking features
a: Renounce Religion


You were on level 4 of the Dungeon.
You worshipped Nemelex Xobeh.
Nemelex Xobeh was noncommittal.
You were not hungry.

You visited 1 branch of the dungeon, and saw 4 of its levels.

You collected 66 gold pieces.

Inventory:

Hand Weapons
 a - a +1 war axe (weapon)
Armour
 b - a +0 scale mail (worn)
 f - a +0 shield (worn)
Jewellery
 i - a ring of protection from fire (left hand) {!d}
Scrolls
 l - a scroll of magic mapping {unknown}
 p - a scroll of remove curse
Potions
 d - a potion of might
 e - a potion of berserk rage {unknown}
 g - 2 potions of lignification {unknown}
 h - 2 potions of brilliance
 k - a potion of invisibility {unknown}
 m - a potion of agility {unknown}
 n - 2 potions of haste
 o - a potion of mutation {unknown}
 q - a potion of flight {unknown}
Comestibles
 c - 11 rations


   Skills:
 + Level 3.4 Fighting
 * Level 5.0 Axes
 + Level 3.3 Armour
 + Level 1.2 Dodging
 + Level 3.3 Shields
 + Level 1.2 Invocations


You had 5 spell levels left.
You didn't know any spells.

Dungeon Overview and Level Annotations

Branches:
Dungeon (4/15)
 Temple: D:4-7

Altars:
Elyvilon
Fedhas
Hepliaklqana
Nemelex Xobeh
Sif Muna
Uskayaw
Yredelemnul
The Shining One


Message History

You take 2 damage, and have 43/47 hp.
You hit the orc but do no damage. You block the orc's attack.
An orc comes into view. It is wielding a flail.
You slash the orc!
You kill the orc!
The orc hits you with a dagger.
You take 1 damage, and have 42/47 hp.
Your shield prevents you from hitting the orc.
You hit the orc but do no damage. You block the orc's attack.
The orc barely misses you.
You slash the orc!
You kill the orc!
You hit the orc. You block the orc's attack.
The orc throws a stone.
The stone hits you but does no damage. The orc hits you but does no damage.
You closely miss the orc.
The orc is lightly wounded.
The orc throws a stone.
You block the stone. The orc hits you with a club.
The orc throws a stone.
The stone barely misses you.
You hit the orc but do no damage.
The orc is lightly wounded.
The orc hits you with a club.
You take 9 damage, and have 34/47 hp.
You are too injured to fight recklessly!
You are too injured to fight recklessly!
You are too injured to fight recklessly!
You are too injured to fight recklessly!
You hit the orc but do no damage.
The orc is lightly wounded.
You block the orc's attack.
You hit the orc.
The orc is heavily wounded.
The orc throws a stone.
The stone hits you but does no damage. You block the orc's attack. x2
You hit the orc but do no damage.
The orc is heavily wounded.
You barely miss the orc. The orc hits you but does no damage.
The orc barely misses you.
You hit the orc.
The orc is lightly wounded.
You hit the orc but do no damage. You block the orc's attack. x2
You hit the orc.
The orc is moderately wounded.
You hit the orc but do no damage. The orc hits you with a flail.
You block the orc's attack.
You take 3 damage, and have 32/47 hp.
Your shield prevents you from hitting the orc.
The orc is moderately wounded.
You slash the orc!
You kill the orc!
You block the orc's attack.
You slash the orc!
You kill the orc!
p - a scroll of identify;
q - a bubbling ruby potion You now have 66 gold pieces (gained 14).
Items here: ( )) [[ ††
As you read the scroll of identify, it crumbles to dust.
n - 2 potions of haste Key pressed, stopping explore.
Eating a chunk of flesh.
You eat the chunk of flesh.
This raw flesh tastes terrible.
Key pressed, stopping explore.
l - a scroll labeled SOPLEE JOZOQA
Items here: )) [[ †† Health restored: 47
p - a scroll of remove curse A two-headed ogre comes into view.
It is wielding two giant clubs.
The two-headed ogre shouts in stereo!
You hear a shout! x2
A two-headed ogre is nearby!
Evoke which item? (* to show all) (? for menu, Esc to quit)
You draw a card...
It is Wild Magic.
You feel a surge of magic.
Unknown command.
Evoke which item? (* to show all) (? for menu, Esc to quit)
You draw a card...
It is the Orb.
You have drawn the Orb.
Press: ? - help, Shift-Dir - straight line, f - two-headed ogre
Aim: a two-headed ogre, wielding two giant clubs The orb of energy hits the two-headed ogre.
The two-headed ogre is lightly wounded.
Evoke which item? (* to show all) (? for menu, Esc to quit)
You draw a card...
It is Wild Magic.
Nothing appears to happen.
Evoke which item? (* to show all) (? for menu, Esc to quit)
You draw a card...
It is the Orb.
The deck of cards disappears without a trace.
You have drawn the Orb.
Press: ? - help, Shift-Dir - straight line, f/p - two-headed ogre
Aim: a two-headed ogre, wielding two giant clubs (lightly wounded)
The orb of energy hits the two-headed ogre.
The two-headed ogre is moderately wounded.
You aren't carrying any items that you can evoke.
You feel very mighty all of a sudden.
You slash the two-headed ogre!
The two-headed ogre is heavily wounded.
The two-headed ogre hits you with a giant club! x2
* * * LOW HITPOINT WARNING * * *
You take 34 damage, and have 13/47 hp.
MASSIVE DAMAGE!!
You slash the two-headed ogre!
The two-headed ogre is severely wounded.
The two-headed ogre hits you with a giant club!!
You die...
Your body disappears without a glow.

...........#
.......##..#######
......# #........#
..... #.######.#
.. #.# #.# ' #.#
#.# #+# #.# #.#
#@# #O# #.# #.#
#.# #.# #.# #.#


You could see a two-headed ogre.

Vanquished Creatures
  2 hounds (D:4)
  A centaur skeleton (D:4)
  An orc wizard (D:3)
  4 gnolls
  An adder (D:3)
  An ooze (D:1)
  2 worms
  A leopard gecko (D:2)
  10 orcs
  A ball python (D:3)
  8 bats
  2 giant cockroaches
  3 goblins
  7 hobgoblins
  2 jackals (D:1)
  A quokka (D:3)
  4 frilled lizards
  8 kobolds
  A leopard gecko skeleton (D:4)
  3 rats
63 creatures vanquished.

Notes
Turn   | Place    | Note
-------+----------+-------------------------------------------
     0 | D:1      | Monsterracer the Human Fighter began the quest for the Orb.
     0 | D:1      | Reached XP level 1. HP: 18/18 MP: 1/1
   114 | D:1      | Reached XP level 2. HP: 20/24 MP: 2/2
   121 | D:1      | Reached skill level 3 in Axes
   318 | D:1      | Reached XP level 3. HP: 28/29 MP: 3/3
   905 | D:2      | HP: 14/29 [gnoll/whip (5)]
   906 | D:2      | Reached skill level 4 in Axes
   906 | D:2      | Reached XP level 4. HP: 17/35 MP: 4/4
   911 | D:2      | HP: 10/35 [gnoll/whip (2)]
  1384 | D:2      | Found a sparkling altar of Nemelex Xobeh.
  1529 | D:2      | Found a hide-covered altar of Uskayaw.
  1531 | D:2      | Found a glowing golden altar of the Shining One.
  1533 | D:2      | Found a white marble altar of Elyvilon.
  1546 | D:2      | Became a worshipper of Nemelex Xobeh the Trickster
  1847 | D:3      | Found a deep blue altar of Sif Muna.
  1967 | D:3      | Reached XP level 5. HP: 23/41 MP: 5/5
  2255 | D:3      | Found a basalt altar of Yredelemnul.
  2255 | D:3      | Found a blossoming altar of Fedhas.
  2282 | D:3      | Found a hazy altar of Hepliaklqana.
  2372 | D:3      | Received a gift from Nemelex Xobeh
  2743 | D:3      | HP: 20/41 [something (3)]
  2750 | D:3      | HP: 14/41 [orc wizard/dagger (2)]
  3023 | D:4      | Reached skill level 1 in Dodging
  3023 | D:4      | Reached skill level 1 in Invocations
  3023 | D:4      | Reached XP level 6. HP: 40/47 MP: 6/6
  3097 | D:4      | Reached skill level 5 in Axes
  3227 | D:4      | Noticed a two-headed ogre
  3234 | D:4      | HP: 13/47 [two-headed ogre/giant club (17)]
  3235 | D:4      | Slain by a two-headed ogre

Skill      XL: |  1  2  3  4  5  6 |
---------------+-------------------+-----
Axes           | 3 4 5 |  5.0
Dodging        | 1 |  1.2
Invocations    | 1 |  1.2
Fighting       | |  3.4
Armour         | |  3.3
Shields        | |  3.3

Action                   |  1- 3 |  4- 6 || total
-------------------------+-------+-------++-------
Melee: War axe           |    74 |   131 ||   205
Evoke: Deck              |       |     4 ||     4
  Use: Scroll            |       |     4 ||     4
       Potion            |       |     1 ||     1
  Eat: Chunk             |       |     8 ||     8
Armor: Scale mail        |    33 |    75 ||   108
Dodge: Dodged            |    28 |    36 ||    64
Block: Shield            |    52 |    72 ||   124

Vault maps used:
D:1:      elethiomel_arrival_infinity_welcomes_careful_drivers
D:2:      minitemple, serial_curves, eino_curves_02, eino_curves_02,
          first_ration
D:3:      old_standard_altar, gammafunk_temple_overflow_pools, led_sif_pool
D:4:      uniq_robin
